 Seeded DCSS version 0.29.1-15-g9cfb28693d (webtiles) character file.

Game seed: 8515177902725472229 (custom seed)

70 valliere the Insei (level 4, 34/34 HPs)
             Began as a Gnoll Transmuter on May 10, 2023.
             Quit the game on level 2 of the Dungeon.
             The game lasted 00:02:45 (1889 turns).

valliere the Insei (Gnoll Transmuter)               Turns: 1889, Time: 00:02:46

Health: 34/34      AC:  4    Str: 13    XL:     4   Next: 21%
Magic:  20/20      EV: 13    Int: 14    God:
Gold:   1874       SH:  0    Dex: 12    Spells: 12/13 levels left

rFire   . . .      SeeInvis .     - Unarmed
rCold   . . .      Faith    .   (no shield)
rNeg    . . .      Spirit   .   a - +0 robe
rPois   .          Reflect  .   (no helmet)
rElec   .          Harm     .   (no cloak)
rCorr   .          Rampage  .   e - +1 pair of gloves of the Dungeon {MP+9 Str+3 Slay+2}
Will    .....                   (no boots)
Stlth   ++........              (no amulet)
HPRegen 0.11/turn               (no ring)
MPRegen 0.17/turn               (no ring)

@: no status effects
A: fangs 1, strong nose, distributed training
a: no special abilities


You were on level 2 of the Dungeon.
You visited 1 branch of the dungeon, and saw 2 of its levels.

You collected 1874 gold pieces.

Inventory:

Armour
 a - a +0 robe (worn)
 e - the +1 pair of gloves of the Dungeon (worn) {MP+9 Str+3 Slay+2}
   (You acquired it on level 1 of the Dungeon)

   Str:       It affects your strength (+3).
   Slay:      It affects your accuracy & damage with ranged weapons and melee
   (+2).
   MP:        It affects your magic capacity (+9).
Jewellery
 n - an amulet of the acrobat
 p - a +6 ring of intelligence
Scrolls
 d - 2 scrolls of identify {unknown}
 j - 3 scrolls of blinking {unknown}
 l - a scroll of enchant weapon {unknown}
Potions
 b - a potion of lignification
 c - 3 potions of curing {unknown}
 f - a potion of attraction {unknown}
 g - a potion of might {unknown}
 h - a potion of flight {unknown}
 i - 2 potions of heal wounds {unknown}
 k - a potion of mutation {unknown}
 m - 2 potions of haste {unknown}


   Skills:
 + Level 2.7 Fighting
 + Level 1.1 Short Blades
 + Level 1.1 Long Blades
 + Level 1.1 Axes
 + Level 1.1 Maces & Flails
 + Level 1.1 Polearms
 + Level 1.1 Staves
 + Level 1.1 Ranged Weapons
 + Level 1.1 Throwing
 + Level 1.1 Armour
 + Level 4.6 Dodging
 + Level 1.1 Stealth
 + Level 1.1 Shields
 + Level 6.6 Unarmed Combat
 + Level 5.0 Spellcasting
 + Level 0.8 Conjurations
 + Level 0.8 Hexes
 + Level 0.8 Summonings
 + Level 0.8 Necromancy
 + Level 0.8 Translocations
 + Level 3.8 Transmutations
 + Level 0.8 Fire Magic
 + Level 0.8 Ice Magic
 + Level 0.8 Air Magic
 + Level 0.8 Earth Magic
 + Level 0.8 Poison Magic
 + Level 1.2 Invocations
 + Level 1.1 Evocations


You had 12 spell levels left.
You knew the following spells:

 Your Spells              Type           Power      Damage    Failure   Level
a - Beastly Appendage     Tmut           28%        N/A       3%          1

Your spell library contained the following spells:

 Spells                   Type           Power      Damage    Failure   Level
 Wereblood                Tmut           14%        N/A       5%          2
 Slow                     Hex            24%        N/A       12%         1
 Spider Form              Tmut/Pois      10%        N/A       21%         3
 Confusing Touch          Hex            6%         N/A       36%         3
 Vampiric Draining        Necr           6%         2d6       36%         3
 Ice Form                 Ice/Tmut       10%        N/A       54%         4
 Passage of Golubria      Tloc           6%         N/A       77%         4
 Silence                  Hex/Air        3%         N/A       98%         5
 Lehudib's Crystal Spear  Conj/Erth      3%         10d2      100%        8


Dungeon Overview and Level Annotations

Branches:
Dungeon (2/15)

Altars:
Xom

Shops:
D:2 *


Innate Abilities, Weirdness & Mutations

You have very sharp teeth.
Your uncanny sense of smell can sniff out nearby items.
Your experience applies equally to all skills.


Message History

The jelly hits you.
You are splashed with acid!
You are too injured to fight recklessly!
You are too injured to fight recklessly!
You are too injured to fight recklessly!
You hit the jelly.
You kill the jelly!
Your Short Blades skill increases to level 1!
Your Long Blades skill increases to level 1!
Your Axes skill increases to level 1!
Your Maces & Flails skill increases to level 1!
Your Polearms skill increases to level 1!
Your Staves skill increases to level 1!
Your Ranged Weapons skill increases to level 1!
Your Throwing skill increases to level 1!
Your Armour skill increases to level 1!
Your Stealth skill increases to level 1!
Your Shields skill increases to level 1!
Your Evocations skill increases to level 1!
You have reached level 4!
You feel stronger.
Unknown command.
Your transformation is almost over.
Your horns disappear.
Your talons disappear.
d - 2 scrolls labelled ZUEMIPNA QACYN (gained 1)
Things that are here:
a jackal skeleton; a jackal skeleton
There is a stone staircase leading up here.
Things that are here:
a jackal skeleton; a jackal skeleton You see here a +0 dagger.
Found a quarterstaff.
You see here a +0 quarterstaff.
o - 3 scrolls of acquirement Something appears at your feet!
You now have 1095 gold pieces (gained 1021).
Something appears at your feet!
p - a +6 ring of intelligence Something appears at your feet!
You now have 1874 gold pieces (gained 779).
Are you sure you want to abandon this character and quit the game? (Confirm with "yes".)

##.###.###.##
#######.#######
......#....#
#.#######
#...##.#####
#........ .###.#.#
######### .# #...#
.###.#######
....)......#
#######
....######.########
#.....# ##..#
#......@.# #.###.#
#..# ########.# #.#
#># ##..# #.# ###.#
#.. ....# #)# #...#
##. ###.# #.# #<###
#. #.# #.# #.# #.
#.# #.# #.######.
#.# #.# #).......
##.# #.# #..######


There were no monsters in sight!

Vanquished Creatures
  A jelly (D:2)
  2 dart slugs (D:1)
  A ball python (D:2)
  5 bats
  An endoplasm (D:1)
  2 giant cockroaches (D:1)
  4 goblins
  3 hobgoblins
  5 jackals (D:2)
  4 frilled lizards
  A kobold (D:1)
  3 rats
32 creatures vanquished.

Notes
Turn   | Place    | Note
-------+----------+-------------------------------------------
     0 | D:1      | valliere the Gnoll Transmuter began the quest for the Orb.
     0 | D:1      | Reached XP level 1. HP: 17/17 MP: 6/6
    41 | D:1      | Identified a scroll of acquirement
    41 | D:1      | Acquired the +1 pair of gloves of the Dungeon {MP+9 Str+3
                  | Slay+2}
   262 | D:1      | Reached XP level 2. HP: 23/23 MP: 7/7
   892 | D:2      | Reached skill level 5 in Spellcasting
   892 | D:2      | Reached XP level 3. HP: 28/28 MP: 9/9
  1203 | D:2      | Reached skill level 1 in Invocations
  1452 | D:2      | Found a shimmering altar of Xom.
  1481 | D:2      | Found Vuamm's General Store.
  1616 | D:2      | Reached skill level 1 in Short Blades
  1616 | D:2      | Reached skill level 1 in Long Blades
  1616 | D:2      | Reached skill level 1 in Axes
  1616 | D:2      | Reached skill level 1 in Maces & Flails
  1616 | D:2      | Reached skill level 1 in Polearms
  1616 | D:2      | Reached skill level 1 in Staves
  1616 | D:2      | Reached skill level 1 in Ranged Weapons
  1616 | D:2      | Reached skill level 1 in Throwing
  1616 | D:2      | Reached skill level 1 in Armour
  1616 | D:2      | Reached skill level 1 in Stealth
  1616 | D:2      | Reached skill level 1 in Shields
  1616 | D:2      | Reached skill level 1 in Evocations
  1616 | D:2      | Reached XP level 4. HP: 17/34 MP: 11/11
  1883 | D:2      | Acquired 1021 gold pieces
  1885 | D:2      | Acquired a +6 ring of intelligence
  1887 | D:2      | Acquired 779 gold pieces
  1889 | D:2      | Quit the game

Illustrated notes

Levels and vault maps discovered:
D:1:      sevenhm_arrival_forest_fort_large_4, layout_basic,
          nrook_loot_triangle, minmay_lizard_pond
D:2:      layout_loops_ring, basic_altar, serial_shops,
          nicolae_shop_temple_entry_statues_fountains

Skill      XL: |  1  2  3 |
---------------+----------+-----
Spellcasting   | 5 |  5.0
Invocations    | 1 |  1.2
Short Blades   | 1 |  1.1
Long Blades    | 1 |  1.1
Axes           | 1 |  1.1
Maces & Flails | 1 |  1.1
Polearms       | 1 |  1.1
Staves         | 1 |  1.1
Ranged Weapons | 1 |  1.1
Throwing       | 1 |  1.1
Armour         | 1 |  1.1
Stealth        | 1 |  1.1
Shields        | 1 |  1.1
Evocations     | 1 |  1.1
Fighting       | |  2.7
Dodging        | |  4.6
Unarmed Combat | |  6.6
Conjurations   | |  0.8
Hexes          | |  0.8
Summonings     | |  0.8
Necromancy     | |  0.8
Translocations | |  0.8
Transmutations | |  3.8
Fire Magic     | |  0.8
Ice Magic      | |  0.8
Air Magic      | |  0.8
Earth Magic    | |  0.8
Poison Magic   | |  0.8

Action                   |  1- 3 |  4- 6 || total
-------------------------+-------+-------++-------
Melee: Unarmed           |    53 |       ||    53
       Kick              |     9 |       ||     9
       Headbutt          |     6 |       ||     6
       Bite              |     3 |       ||     3
       Punch             |     1 |       ||     1
 Cast: Beastly Appendage |    18 |       ||    18
  Use: Scroll            |     4 |     3 ||     7
Armor: Robe              |    10 |       ||    10
Dodge: Dodged            |    39 |       ||    39
